 Dungeon Sprint DCSS version 0.27.0-1-g7a089689b8 (webtiles) character file.

Game seed: 6232749999912860115

1628 Conn the Arsonist (level 8, -2/47 HPs)
             Began as an Octopode Fire Elementalist on Aug 14, 2021.
             Was a High Priest of Sif Muna.
             Killed from afar by an efreet (27 damage)
             ... with a bolt of fire
             ... in the Dungeon (Sprint VII: "The Pits").
             The game lasted 00:14:37 (1758 turns).

Conn the Arsonist (Octopode Fire Elementalist)      Turns: 1758, Time: 00:14:38

Health: -2/47      AC:  1    Str:  8    XL:     8   Next: 97%
Magic:  11/20      EV: 18    Int: 19    God:    Sif Muna [*****.]
Gold:   0          SH:  0    Dex: 15    Spells: 2/24 levels left

rFire    . . .     SeeInvis .   r - +2 rapier (elec)
rCold    . . .     Faith    .   (no shield)
rNeg     . . .     Spirit   .   (helmet restricted)
rPois    .         Reflect  .   (no amulet)
rElec    .         Harm     .   j - +3 ring of evasion
rCorr    .         Rampage  .   m - +3 ring of dexterity
Will     .....     NoTele   +   (no ring)
Stlth    +++++.....             (no ring)
HPRegen  0.15/turn              (no ring)
MPRegen  0.17/turn              (no ring)
                                (no ring)
                                (no ring)

@: no status effects
A: almost no armour, amphibious, 8 rings, camouflage 1, gelatinous body 1,
(nimble swimmer 1), tentacles
a: Renounce Religion, Channel Magic, Forget Spell, Divine Exegesis


You were in the Dungeon.
You worshipped Sif Muna.
Sif Muna was extremely pleased with you.
You visited 1 branch

Inventory:

Hand Weapons
 g - a +2 dagger
 k - a +2 dagger of venom
 r - a +2 rapier of electrocution (weapon)
Missiles
 l - a curare-tipped dart (quivered)
Jewellery
 j - a +3 ring of evasion (left tentacle)
 m - a +3 ring of dexterity (right tentacle)
Scrolls
 f - a scroll of blinking
 i - 5 scrolls of amnesia
Potions
 a - 8 potions of curing
 b - 8 potions of heal wounds
 c - 2 potions of haste
 d - a potion of magic
 e - 3 potions of berserk rage
 n - a potion of brilliance
 o - a potion of mutation
 p - a potion of might


   Skills:
 + Level 0.9 Fighting
 + Level 1.3 Short Blades
 + Level 5.3 Dodging
 - Level 8.4 Stealth
 + Level 8.5 Spellcasting
 + Level 6.5 Conjurations
 + Level 0.9 Hexes
 + Level 11.4 Fire Magic
 + Level 3.5 Air Magic
 + Level 4.8 Poison Magic
 * Level 6.8 Invocations


You had 2 spell levels left.
You knew the following spells:

 Your Spells              Type           Power      Damage    Failure   Level
a - Foxfire               Conj/Fire      100%       2x1d9     1%          1
b - Conjure Flame         Conj/Fire      42%        6-21      1%          3
c - Inner Flame           Hex/Fire       31%        N/A       1%          3
d - Sticky Flame          Conj/Fire      42%        2d6       2%          4
e - Fireball              Conj/Fire      21%        3d10      6%          5
f - Mephitic Cloud        Conj/Pois/Air  27%        N/A       3%          3
g - Stone Arrow           Conj/Erth      40%        3d9       7%          3

Your spell library contained the following spells:

 Spells                   Type           Power      Damage    Failure   Level
 Ignite Poison            Fire/Tmut/Pois 28%        N/A       2%          3
 Swiftness                Air            21%        N/A       6%          3
 Olgreb's Toxic Radiance  Pois           26%        N/A       12%         4
 Freezing Cloud           Conj/Ice/Air   10%        6-21      52%         5
 Statue Form              Tmut/Erth      5%         N/A       100%        6
 Storm Form               Tmut/Air       7%         N/A       100%        7


Dungeon Overview and Level Annotations

Branches:
Dungeon (1/1)

Altars:
Ashenzari
Cheibriados
Dithmenos
Elyvilon
Fedhas
Gozag
Hepliaklqana
Kikubaaqudgha
Makhleb
Nemelex Xobeh
Okawaru
Qazlal
Ru
Sif Muna
Trog
Uskayaw
Vehumet
Wu Jian
Xom
Yredelemnul
Zin
The Shining One
Beogh
Jiyva
Lugonu


Innate Abilities, Weirdness & Mutations

You cannot wear most types of armour.
You are amphibious.
You can wear up to eight rings at the same time.
Your skin changes colour to match your surroundings (Stealth+).
Your rubbery body absorbs attacks. (AC +1, EV +1)
((You are camouflaged near water. (Stealth+)))
You have tentacles for arms and can constrict up to eight enemies at once.


Message History

As you open the door, it creaks loudly!
There is an open door here.
As you open the door, it creaks loudly!
There is an open door here.
You open the door.
Casting: Sticky Flame (dangerous; 2% risk of failure)
Confirm with . or Enter, or press ? or * to list all spells.
Okay, then.
Casting: Sticky Flame (dangerous; 2% risk of failure)
Confirm with . or Enter, or press ? or * to list all spells.
Okay, then.
Casting: Sticky Flame (dangerous; 2% risk of failure)
Confirm with . or Enter, or press ? or * to list all spells.
Aiming: Stone Arrow (dangerous; 7% risk of failure)
Press: ? - help, Shift-Dir - straight line, f - efreet
Aim: an efreet, wielding a +3 scimitar of flaming (wandering, hasn't noticed you, 90% to hit)
The stone arrow hits the efreet!
The efreet is moderately wounded.
The efreet gestures at you.
The fireball explodes!
The fireball engulfs you!!
You hear a shout! x2
Okay, then.
Casting: Stone Arrow (dangerous; 7% risk of failure)
Confirm with . or Enter, or press ? or * to list all spells.
Aiming: Stone Arrow (dangerous; 7% risk of failure)
Press: ? - help, Shift-Dir - straight line, f/p - efreet
Aim: an efreet, wielding a +3 scimitar of flaming (moderately wounded, 90% to hit)
The stone arrow hits the efreet!
The efreet is heavily wounded.
Casting: Stone Arrow (dangerous; 7% risk of failure)
Confirm with . or Enter, or press ? or * to list all spells.
Aiming: Stone Arrow (dangerous; 7% risk of failure)
Press: ? - help, Shift-Dir - straight line, f/p - efreet
Aim: an efreet, wielding a +3 scimitar of flaming (heavily wounded, 90% to hit)
The stone arrow hits the efreet.
The efreet is heavily wounded.
The efreet gestures at you. The bolt of fire hits you!!
Ouch! That really hurt!
You die...

#_________.#
#_________.#
#_______...###########+
##########'##..........
#.?(.')))'.##......#..#
##########.##...9......
#.......R☼○.+..........
#'#####'#####......#..#
#.#..#@)#..##.....R☼○☼○
#.#..'..#))#####'#####○
#.#..####))##.......##☼
#.#..#..#).##.......##.
#.#..#..#[[##...)...##○
#.##'#..#'###..)<...###
#.#........##).))...# #
#.#..).....##.......#
#'###########.......# .


You could see an efreet.

Vanquished Creatures
  A death yak (D)
  A hornet (D)
  A fire bat (D)
  A floating eye (D)
  A sky beast (D)
  A black bear (D)
  A kobold brigand (D)
  A bullfrog (D)
  2 jellies (D)
  A gnoll shaman (D)
  7 gnolls (D)
  2 orcs (D)
  A ball python (D)
  A bat (D)
  A bat skeleton (D)
  A giant cockroach (D)
  2 jackals (D)
  3 frilled lizards (D)
29 creatures vanquished.

Vanquished Creatures (collateral kills)
  An ice beast (D)
  A jelly (D)
  An iron imp (D)
3 creatures vanquished.

Vanquished Creatures (others)
  A hell rat (D)
  An adder (D)
  77 foxfires (D)
79 creatures vanquished.

Grand Total: 111 creatures vanquished

Notes
Turn   | Place    | Note
-------+----------+-------------------------------------------
     0 | D        | Conn the Octopode Fire Elementalist began the quest for the
                  | Orb.
     0 | D        | Reached XP level 1. HP: 11/11 MP: 3/3
    65 | D        | Found a bloodstained altar of Trog.
    65 | D        | Found a shimmering blue altar of Sif Muna.
    65 | D        | Found a viscous altar of Jiyva.
    65 | D        | Found a hazy altar of Hepliaklqana.
    65 | D        | Found an opulent altar of Gozag.
    66 | D        | Found a glowing golden altar of the Shining One.
    66 | D        | Found a glowing silver altar of Zin.
    66 | D        | Found a basalt altar of Yredelemnul.
    66 | D        | Found a shimmering altar of Xom.
    66 | D        | Found an ornate altar of the Wu Jian Council.
    66 | D        | Found a sacrificial altar of Ru.
    66 | D        | Found a stormy altar of Qazlal.
    66 | D        | Found an iron altar of Okawaru.
    66 | D        | Found a sparkling altar of Nemelex Xobeh.
    66 | D        | Found a burning altar of Makhleb.
    66 | D        | Found a blossoming altar of Fedhas.
    66 | D        | Found a white marble altar of Elyvilon.
    66 | D        | Found a shadowy altar of Dithmenos.
    66 | D        | Found a snail-covered altar of Cheibriados.
    67 | D        | Found a radiant altar of Vehumet.
    67 | D        | Found a corrupted altar of Lugonu.
    68 | D        | Found an ancient bone altar of Kikubaaqudgha.
    68 | D        | Found a hide-covered altar of Uskayaw.
    68 | D        | Found a broken altar of Ashenzari.
    69 | D        | Became a worshipper of Sif Muna the Loreminder
   116 | D        | Noticed a floating eye
   118 | D        | Reached * piety under Sif Muna
   118 | D        | Paralysed by a floating eye for 4 turns
   123 | D        | Killed a floating eye
   124 | D        | Reached skill level 7 in Fire Magic
   124 | D        | Reached XP level 2. HP: 17/17 MP: 0/7
   124 | D        | Reached XP level 3. HP: 21/21 MP: 0/8
   124 | D        | Reached XP level 4. HP: 27/27 MP: 0/10
   210 | D        | Reached ** piety under Sif Muna
   215 | D        | Reached XP level 5. HP: 31/31 MP: 4/11
   218 | D        | Reached *** piety under Sif Muna
   318 | D        | Noticed a kobold brigand
   354 | D        | Killed a kobold brigand
   355 | D        | Reached skill level 5 in Stealth
   355 | D        | Reached skill level 5 in Spellcasting
   355 | D        | Reached skill level 8 in Fire Magic
   438 | D        | Noticed a floating eye
   438 | D        | Noticed an efreet
   466 | D        | Learned a level 3 spell: Conjure Flame
   470 | D        | Learned a level 3 spell: Inner Flame
   475 | D        | Learned a level 4 spell: Sticky Flame
   485 | D        | Noticed a sky beast
   494 | D        | Reached skill level 9 in Fire Magic
   494 | D        | Reached XP level 6. HP: 36/36 MP: 8/14
   528 | D        | Reached **** piety under Sif Muna
   537 | D        | Reached skill level 1 in Invocations
   714 | D        | Killed a sky beast
   715 | D        | Reached skill level 10 in Fire Magic
   755 | D        | Reached ***** piety under Sif Muna
   756 | D        | Noticed a black bear
   759 | D        | Killed a black bear
   760 | D        | Reached XP level 7. HP: 41/41 MP: 12/17
   761 | D        | Noticed a fire bat
   779 | D        | Received a gift from Sif Muna
   780 | D        | Got Uto Def's Papyrus of Dusty Poisoning {god gift}
   803 | D        | Reached skill level 5 in Dodging
   973 | D        | Learned a level 5 spell: Fireball
   977 | D        | Learned a level 3 spell: Mephitic Cloud
   990 | D        | Killed a fire bat
   991 | D        | Reached skill level 1 in Short Blades
   991 | D        | Reached skill level 5 in Conjurations
  1060 | D        | Noticed a hornet
  1063 | D        | Noticed a death yak
  1064 | D        | Reached skill level 5 in Invocations
  1084 | D        | Killed a hornet
  1085 | D        | Reached skill level 11 in Fire Magic
  1085 | D        | Reached skill level 1 in Air Magic
  1085 | D        | Reached XP level 8. HP: 19/46 MP: 7/19
  1273 | D        | Killed a death yak
  1507 | D        | Noticed a gargoyle
  1544 | D        | Received a gift from Sif Muna
  1545 | D        | Got Sif Muna's Catalogue of Weightlessness {god gift}
  1746 | D        | Learned a level 3 spell: Stone Arrow
  1758 | D        | Killed from afar by an efreet

Illustrated notes

Levels and vault maps discovered:
D:        pitsprint [storerooms_1, entrance_room_1, metal_vault_5, armoury_3,
          mini_pit_1, grid_room_1, main_hall_1, silver_pit, the_coven_3,
          the_vestibule_1, steel_vault_5, golden_pit, hallway_of_sentries,
          crystal_vault_4, iron_vault_4, final_vault]

Skill      XL: |  1  2  3  4  5  6  7  8 |
---------------+-------------------------+-----
Stealth        | 4 5 6 7 8 |  8.4
Dodging        | 3 4 5 |  5.3
Spellcasting   | 4 5 6 7 8 |  8.5
Conjurations   | 2 3 4 5 6 |  6.5
Fire Magic     | 7 9 10 11 | 11.4
Invocations    | 3 5 6 |  6.8
Short Blades   | 1 |  1.3
Air Magic      | 1 3 |  3.5
Poison Magic   | 2 4 |  4.8
Fighting       | |  0.9
Hexes          | |  0.9

Action                   |  1- 3 |  4- 6 |  7- 9 || total
-------------------------+-------+-------+-------++-------
Melee: Dagger            |     1 |     8 |     7 ||    16
       Constrict         |     1 |     2 |     3 ||     6
       Rapier            |       |       |     1 ||     1
 Cast: Foxfire           |     8 |    20 |    23 ||    51
       Sticky Flame      |       |     7 |     2 ||     9
       Mephitic Cloud    |       |       |     6 ||     6
       Fireball          |       |       |     3 ||     3
       Stone Arrow       |       |       |     3 ||     3
       Inner Flame       |       |       |     1 ||     1
  Use: Potion            |       |     1 |     5 ||     6
       Scroll            |       |       |     1 ||     1
 Stab: Sleeping          |       |     2 |       ||     2
       Confused          |       |       |     1 ||     1
Armor: Skin              |       |     1 |     1 ||     2
Dodge: Dodged            |     1 |    28 |     8 ||    37
